 Dungeon Crawl Stone Soup version 0.23.0 (webtiles) character file.

Game seed: 1493224621957837671

89969 LostNumber the Brawler (level 15, -4/154 HPs)
             Began as a Troll Monk on Feb 9, 2019.
             Was a Believer of Fedhas.
             Killed from afar by a wretched star (31 damage)
             ... with an orb of energy
             ... on level 2 of the Abyss.
             The game lasted 01:22:54 (22569 turns).

LostNumber the Brawler (Troll Monk)                Turns: 22569, Time: 01:22:55

Health: -4/154     AC: 14    Str: 27    XL:     15   Next: 50%
Magic:  18/18      EV: 13    Int:  8    God:    Fedhas [**....]
Gold:   649        SH:  0    Dex: 13    Spells: 14/14 levels left

rFire    . . .     SeeInvis +     - Unarmed
rCold    + . .     Gourm    +   A - +2 shield
rNeg     . . .     Faith    .   M - +0 troll leather armour
rPois    .         Spirit   .   f - +3 crown of Dyrovepreva {rElec Int+2 SInv}
rElec    +         Reflect  .   U - scarf {rC+ rF+}
rCorr    .         Harm     .   (gloves unavailable)
MR       ++...                  (boots unavailable)
Stlth    ++........             H - amulet of rage
HPRegen  1.15/turn              I - ring of Xoathak {rF- MR+ AC+3 Stlth+}
MPRegen  0.16/turn              z - ring of see invisible

@: confused, berserk cooldown, slowed, very slow
A: large, unfitting armour, claws 3, blurry vision 1, fast metabolism 3,
gourmand, regeneration 1, shaggy fur 1, tough skin 3
a: Fungal Bloom, Sunlight, Evolution, Renounce Religion, Evoke Berserk Rage


You were on level 2 of the Abyss.
You worshipped Fedhas.
Fedhas was pleased with you.
You were not hungry.

You visited 4 branches of the dungeon, and saw 23 of its levels.
You visited the Abyss 1 time.
You also visited: Sewer, Ossuary, Gauntlet and Volcano.

You collected 2015 gold pieces.
You spent 1366 gold pieces at shops.

Inventory:

Hand Weapons
 p - the cursed +2 trident of Pasysux {flame, Dex+3, unknown}
   (You found it on level 5 of the Lair of Beasts)

   It has been specially enchanted to burn those struck by it, causing extra
   injury to most foes and up to half again as much damage against particularly
   susceptible opponents.
   It affects your dexterity (+3).
   It has a curse placed upon it.
 O - a +4 flail of draining
   (You took it off a gargoyle on level 10 of the Dungeon)
Missiles
 k - a throwing net {!f}
 r - 7 large rocks
 R - 16 poisoned javelins (quivered)
Armour
 f - the +3 crown of Dyrovepreva (worn) {rElec Int+2 SInv}
   (You bought it in a shop on level 2 of the Orcish Mines)

   It affects your intelligence (+2).
   It insulates you from electricity.
   It lets you see invisible.
 A - a +2 shield (worn)
   (You found it in a sewer)
 M - a +0 troll leather armour (worn)
   (You found it on level 9 of the Dungeon)
 U - a scarf of resistance (worn)
   (You found it in a Gauntlet)
Jewellery
 a - the ring of Qivaa {*Contam +Fly MR+ Int+4, unknown}
   (You found it on level 6 of the Lair of Beasts)

   [ring of flight]

   It affects your intelligence (+4).
   It affects your resistance to hostile enchantments.
   It lets you fly.
   It causes magical contamination when unequipped.
 l - an uncursed ring of protection from magic
   (You found it in a Gauntlet)
 z - a ring of see invisible (right claw)
   (You found it on level 8 of the Dungeon)
 B - an uncursed amulet of the acrobat {unknown}
   (You found it on level 7 of the Dungeon)
 H - an amulet of rage (around neck)
   (You found it on level 1 of the Dungeon)
 I - the ring of Xoathak (left claw) {rF- MR+ AC+3 Stlth+}
   (You found it on level 8 of the Dungeon)

   [ring of protection]

   It affects your AC (+3).
   It makes you vulnerable to fire.
   It affects your resistance to hostile enchantments.
   It makes you more stealthy.
 N - a cursed ring of teleportation {unknown}
   (You found it on level 6 of the Lair of Beasts)
Wands
 c - a wand of disintegration (39)
   (You found it on level 7 of the Dungeon)
 d - a wand of iceblast (15)
   (You found it on level 8 of the Dungeon)
 i - a wand of enslavement (6)
   (You found it on level 1 of the Lair of Beasts)
 t - a wand of flame (42)
   (You took it off Ijyb on level 5 of the Dungeon)
 u - a wand of paralysis (9)
   (You found it on level 4 of the Lair of Beasts)
 v - a wand of digging (15)
   (You found it on level 11 of the Dungeon)
 P - a wand of polymorph (4)
   (You found it on level 4 of the Dungeon)
 W - a wand of clouds (5)
   (You found it on level 1 of the Lair of Beasts)
Scrolls
 h - 3 scrolls of fear
 o - 3 scrolls of remove curse {@r2}
 x - 2 scrolls of vulnerability {!r}
 y - a scroll of magic mapping
 C - a scroll of enchant weapon
 D - 7 scrolls of teleportation {@r4}
 F - 5 scrolls of enchant armour
 G - a scroll of amnesia
 S - 2 scrolls of fog
 Y - 2 scrolls of blinking
Potions
 b - 5 potions of heal wounds {@q2}
 g - 4 potions of haste {@q3}
 j - 3 potions of ambrosia
 m - 2 potions of cancellation
 n - a potion of degeneration {unknown}
 q - 20 potions of curing {@q1}
 s - 4 potions of mutation {!q}
 w - 2 potions of might
 E - 3 potions of invisibility
 J - a potion of resistance
 K - 7 potions of flight
 Q - a potion of lignification {!q}
 T - a potion of magic {unknown}
 V - 3 potions of agility
Comestibles
 e - 42 rations {!d}


   Skills:
 + Level 11.6 Fighting
 + Level 9.7 Throwing
 + Level 7.2 Dodging
 - Level 1.0 Stealth
 - Level 9.0 Shields
 * Level 15.8 Unarmed Combat
 + Level 2.8 Invocations
 - Level 6.1 Evocations


You had 14 spell levels left.
You didn't know any spells.
Your spell library contained the following spells:

 Spells                   Type           Power        Failure   Level  Hunger
 Animate Skeleton         Necr           N/A          43%         1    ##.....
 Flame Tongue             Conj/Fire      #....        43%         1    ##.....
 Pain                     Necr           #...         43%         1    ##.....
 Sandblast                Erth           #.....       43%         1    ##.....
 Sting                    Conj/Pois      #...         43%         1    ##.....
 Corpse Rot               Necr           N/A          58%         2    ###....
 Passwall                 Tmut/Erth      #.......     58%         2    ###....
 Throw Flame              Conj/Fire      #.....       58%         2    ###....
 Conjure Flame            Conj/Fire      #.......     82%         3    ####...
 Ignite Poison            Fire/Tmut/Pois #.......     82%         3    ####...
 Inner Flame              Hex/Fire       #.......     82%         3    ####...
 Regeneration             Chrm/Necr      #.........   82%         3    ####...
 Stone Arrow              Conj/Erth      #.....       82%         3    ####...
 Vampiric Draining        Necr           #.........   82%         3    ####...
 Animate Dead             Necr           N/A          99%         4    #####..
 Leda's Liquefaction      Hex/Erth       #.........   99%         4    #####..
 Olgreb's Toxic Radiance  Pois           #.......     99%         4    #####..
 Petrify                  Tmut/Erth      #.......     99%         4    #####..
 Sticky Flame             Conj/Fire      #.......     99%         4    #####..
 Bolt of Magma            Conj/Fire/Erth #.........   100%        5    ######.
 Fireball                 Conj/Fire      #.........   100%        5    ######.
 Lee's Rapid Deconstruct  Erth           #.........   100%        5    ######.
 Summon Forest            Summ/Tloc      #.........   100%        5    ######.
 Hydra Form               Tmut           #.........   100%        6    #######
 Summon Hydra             Summ           #.........   100%        7    #######


Dungeon Overview and Level Annotations

Branches:
Dungeon (14/15)            Temple (1/1) D:6            Lair (6/6) D:10
  Swamp (0/4) Lair:2        Snake (0/4) Lair:2        Slime (0/5) Lair:6
    Orc (2/2) D:12            Elf (0/3) Orc:2        Vaults (0/5) D:13

Altars:
Ashenzari
Cheibriados
Dithmenos
Elyvilon
Fedhas
Gozag
Hepliaklqana
Kikubaaqudgha
Makhleb
Nemelex Xobeh
Okawaru
Qazlal
Ru
Sif Muna
Trog
Uskayaw
Vehumet
Wu Jian
Xom
Yredelemnul
Zin
The Shining One
Beogh

Shops:
D:5 (   D:8 =   D:11 [   Orc:2 (*[:*

Annotations:
D:5 2 runed translucent doors, lyphon's ghost, novice DEFE
D:7 2 exclusions
D:8 1 runed translucent door, P0WERM0DE's ghost, novice DDFi
D:9 1 runed translucent door, tidbits's ghost, novice GnSk
D:10 1 runed translucent door, error's ghost, journeyman OpEE
Lair:3 exclusion: 2 oklob plants
Lair:6 3 runed translucent doors, exclusion: 3 oklob plants, Flure's ghost, journeyman SpEE
Orc:1 2 transporters, toxicsyntax's ghost, journeyman MiMo


Innate Abilities, Weirdness & Mutations

You are too large for most types of armour.
You have claws for hands.
Your metabolism is lightning-fast.
You like to eat raw meat.
Your natural rate of healing is unusually fast.
You are covered in fur. (AC +1)
You have extremely tough skin. (AC +3)
Scrolls take you a little longer to read.


Message History

You resist with almost no effort.
A smoke demon comes into view.
You see here a +2 long sword of holy wrath.
There isn't anything to butcher here.
You see here a raiju corpse.
You are too injured to fight recklessly!
You are too injured to fight recklessly!
You are too injured to fight recklessly!
You are too injured to fight recklessly!
You are too injured to fight recklessly!
You block the shadow imp's attack.
A wretched star comes into view.
The shadow imp spits at you. You block the shadow imp's attack.
The smoke demon gestures at you. Something smites you!
* * * LOW HITPOINT WARNING * * *
You closely miss the shadow imp. The shadow imp gestures at you.
You resist with almost no effort. The smoke demon gestures at you.
The ball of steam hits the shadow imp!
The ball of steam hits you!!
* * * LOW HITPOINT WARNING * * *
The shadow imp is engulfed in a cloud of scalding steam.
The shadow imp dies!
You are confused.
You feel invigorated. The smoke demon gestures at you.
The sticky flame hits you.
You are covered in liquid flames!
* * * LOW HITPOINT WARNING * * *
Unknown command.
Unknown command.
You are covered in liquid flames!
* * * LOW HITPOINT WARNING * * *
The wretched star glows turbulently.
The orb of energy misses you.
The orb of energy explodes!
The wretched star glows turbulently.
The orb of energy hits you!!
* * * LOW HITPOINT WARNING * * *
You bump into the stone wall.
You are covered in liquid flames!
* * * LOW HITPOINT WARNING * * *
The smoke demon gestures at you. The ball of steam hits you!
* * * LOW HITPOINT WARNING * * *
The wretched star glows turbulently.
The orb of energy hits you!!
You die...
Fedhas appreciates your contribution to the ecosystem.

# .... .#
.. .#. ..
# .## . .#
#.#.##§# .
#. #.
#..#. .
#.)## .#.
# .
#..#####.#
.#.
###)#.# .
##.#†....#
#.# .
#..3§@##
..
.#...###
.......#.
! #.
.#*... . #
###. #* .
.## # #.


You could see a wretched star and a smoke demon.

Vanquished Creatures
  A profane servitor (Abyss:2)
  An orc warlord (Orc:1)
  A yellow draconian (Abyss:2)
  A minotaur (Gauntlet)
  Snorg (D:11)
  Josephine (D:11)
  Erolcha (D:9)
  6 hydras
  A vault guard (D:13)
  2 catoblepae
  A two-headed ogre (D:12)
  A centaur warrior (D:13)
  3 orc high priests (Orc:2)
  Nergalle (D:11)
  An unseen horror (D:13)
  6 skeletal warriors (D:13)
  2 wizards (D:13)
  2 necromancers (D:13)
  4 orc knights
  3 orc sorcerers (Orc:2)
  An ugly thing (D:11)
  2 cyclopes
  A worldbinder (Abyss:2)
  3 centaur zombies
  5 black mambas
  5 smoke demons
  2 molten gargoyles (Gauntlet)
  3 gargoyles
  28 spiny frogs
  2 rime drakes
  2 hellwings (Abyss:2)
  12 komodo dragons
  3 meliai (Lair:4)
  4 tyrant leeches (Lair:6)
  A queen bee (Lair:4)
  5 trolls
  4 raiju (Abyss:2)
  19 blink frogs
  6 hippogriffs
  8 dream sheep (Lair:6)
  Prince Ribbit (D:9)
  48 yaks
  A ynoxinul (Abyss:2)
  4 wraiths (D:11)
  3 wyverns
  A vampire (D:11)
  2 basilisks
  5 fire bats
  20 humans
  2 hungry ghosts
  2 neqoxecs (Abyss:2)
  6 vampire mosquitoes
  2 wargs
  6 nagas (Lair:2)
  A large abomination (Abyss:2)
  An acid dragon (D:12)
  2 swamp worms (Gauntlet)
  21 water moccasins
  A soldier ant (D:13)
  2 floating eyes
  2 black bears (D:8)
  12 porcupines
  29 orc warriors
  7 sky beasts
  2 eyes of draining
  4 ice beasts
  6 phantoms
  3 necrophages (D:7)
  16 wolves
  12 ogres
  3 centaurs
  20 crocodiles
  25 bullfrogs
  2 big kobolds
  7 water moccasin zombies
  2 wyvern skeletons
  4 scorpions
  A small abomination (Abyss:2)
  A water moccasin skeleton (D:6)
  36 killer bees
  7 wights
  An electric eel (Lair:6)
  A howler monkey (D:6)
  8 lava snakes (Volcano)
  9 crimson imps
  2 quasits
  3 hounds
  2 jellies
  22 orc priests
  Crazy Yiuf (D:4)
  5 centaur skeletons
  19 orc wizards
  5 iguanas
  An iron imp (Abyss:2)
  4 bullfrog skeletons
  9 worker ants
  Ijyb (D:5)
  A killer bee zombie (D:7)
  3 big kobold zombies (Ossuary)
  A hound zombie (D:7)
  2 hound skeletons
  2 mummies (Ossuary)
  A worker ant zombie (D:11)
  10 adders
  8 gnolls
  6 river rats (Sewer)
  A shadow imp (D:8)
  An ooze (D:2)
  2 adder zombies (Ossuary)
  An adder skeleton (D:6)
  A worm (D:2)
  4 dart slugs
  11 leopard geckos
  86 orcs
  11 bats
  5 giant cockroaches
  2 gnoll zombies (Ossuary)
  5 goblins
  8 hobgoblins
  9 jackals (D:2)
  3 quokkas
  7 ball pythons
  5 frilled lizards
  6 hobgoblin zombies (Ossuary)
  A jackal zombie (D:7)
  28 kobolds
  7 kobold zombies (Ossuary)
  4 orc zombies (Ossuary)
  23 rats
846 creatures vanquished.

Vanquished Creatures (others)
  A shadow imp (Abyss:2)
  7 bushes (D:7)
  17 fungi
  45 plants
  41 toadstools (Orc:2)
  2 withered plants (D:8)
113 creatures vanquished.

Grand Total: 959 creatures vanquished

Notes
Turn   | Place    | Note
-------+----------+-------------------------------------------
     0 | D:1      | LostNumber the Troll Monk began the quest for the Orb.
     0 | D:1      | Reached XP level 1. HP: 22/22 MP: 0/0
   104 | D:1      | Reached XP level 2. HP: 24/29 MP: 1/1
   468 | D:2      | Reached XP level 3. HP: 36/36 MP: 2/2
   556 | D:2      | Reached skill level 4 in Unarmed Combat
   633 | D:2      | Reached XP level 4. HP: 36/45 MP: 3/3
   689 | D:2      | Found a radiant altar of Vehumet.
  1131 | D:2      | Reached skill level 5 in Unarmed Combat
  1248 | D:3      | Reached XP level 5. HP: 53/53 MP: 4/4
  1765 | D:4      | Noticed a phantom
  1790 | D:4      | Killed a phantom
  1790 | D:4      | Reached skill level 6 in Unarmed Combat
  1790 | D:4      | Reached XP level 6. HP: 61/62 MP: 5/5
  1814 | D:4      | Found a sand-covered staircase.
  1823 | Ossuary  | Entered an ossuary
  1882 | Ossuary  | Reached XP level 7. HP: 59/70 MP: 6/6
  1914 | Ossuary  | Reached skill level 7 in Unarmed Combat
  2060 | Ossuary  | Got a transparent hand axe
  2181 | D:4      | Found a glowing drain.
  2185 | Sewer    | Entered a sewer
  2466 | Sewer    | Reached skill level 8 in Unarmed Combat
  2559 | Sewer    | Identified the cursed +0 hand axe "Eruil" {flame, Dex+4}
                  | (You found it in an ossuary)
  2693 | D:4      | Reached skill level 5 in Fighting
  2693 | D:4      | Reached XP level 8. HP: 75/80 MP: 7/7
  2849 | D:4      | Found a runed translucent door.
  2852 | D:4      | Noticed Crazy Yiuf
  2856 | D:4      | Killed Crazy Yiuf
  2856 | D:4      | Reached skill level 1 in Shields
  3284 | D:5      | Entered Level 5 of the Dungeon
  3506 | D:5      | Noticed Ijyb
  3519 | D:5      | Killed Ijyb
  3521 | D:5      | Found an opulent altar of Gozag.
  3594 | D:5      | Found a glowing golden altar of the Shining One.
  3668 | D:5      | Found a large runed translucent door.
  3668 | D:5      | Found a large runed translucent door.
  3670 | D:5      | Noticed lyphon's ghost (novice DEFE)
  3820 | D:5      | Found Xammist's Antique Weapon Shoppe.
  3892 | D:5      | Reached skill level 9 in Unarmed Combat
  4065 | D:6      | Found a snail-covered altar of Cheibriados.
  4067 | D:6      | Found a shattered altar of Ashenzari.
  4069 | D:6      | Found a shadowy altar of Dithmenos.
  4126 | D:6      | Found a staircase to the Ecumenical Temple.
  4171 | Temple   | Entered the Ecumenical Temple
  4332 | D:6      | Reached XP level 9. HP: 89/89 MP: 8/8
  4468 | D:6      | Found a white marble altar of Elyvilon.
  4633 | D:6      | Found a shimmering altar of Xom.
  4633 | D:6      | Found a sparkling altar of Nemelex Xobeh.
  4814 | D:7      | Reached skill level 10 in Unarmed Combat
  5178 | D:7      | Reached skill level 5 in Shields
  5178 | D:7      | Reached skill level 1 in Evocations
  5187 | D:7      | Noticed an eight-headed hydra
  5458 | D:7      | Found a blossoming altar of Fedhas.
  5689 | D:8      | Noticed a deep elf mage
  5692 | D:8      | a deep elf mage changed into a floating eye
  5697 | D:8      | Reached XP level 10. HP: 99/99 MP: 10/10
  5871 | D:8      | Found a bloodstained altar of Trog.
  5918 | D:8      | Found Poemin's Jewellery Shoppe.
  5923 | D:8      | Got a smoking golden ring
  6088 | D:8      | Found a sacrificial altar of Ru.
  6246 | D:8      | Found a runed translucent door.
  6246 | D:8      | Noticed P0WERM0DE's ghost (novice DDFi)
  6635 | D:9      | Reached skill level 11 in Unarmed Combat
  6782 | D:9      | Found a deep blue altar of Sif Muna.
  6809 | D:9      | Found a runed translucent door.
  6809 | D:9      | Noticed tidbits's ghost (novice GnSk)
  6810 | D:9      | Noticed a yaktaur captain
  6994 | D:9      | Noticed Erolcha
  7016 | D:9      | Killed Erolcha
  7187 | D:9      | Noticed Prince Ribbit
  7191 | D:9      | Killed Prince Ribbit
  7648 | D:10     | Entered Level 10 of the Dungeon
  7659 | D:10     | Identified the ring of Xoathak {rF- MR+ AC+3 Stlth+} (You
                  | found it on level 8 of the Dungeon)
  7707 | D:10     | Found a staircase to the Lair.
  7788 | D:10     | Reached XP level 11. HP: 108/108 MP: 3/12
  7931 | D:10     | Reached skill level 12 in Unarmed Combat
  8042 | D:10     | Found a runed translucent door.
  8042 | D:10     | Noticed error's ghost (journeyman OpEE)
  8392 | D:11     | Noticed Nergalle
  8422 | D:11     | Killed Nergalle
  8422 | D:11     | Reached skill level 1 in Throwing
  8539 | D:11     | Noticed a green ugly thing
  8555 | D:11     | Killed a green ugly thing
  8632 | D:11     | Found Egycuarch's Armour Shop.
  8729 | D:11     | Noticed Josephine
  8754 | D:11     | Killed Josephine
  9067 | D:11     | Noticed Snorg
  9088 | D:11     | Killed Snorg
  9457 | D:12     | Found a staircase to the Orcish Mines.
  9526 | D:12     | Noticed a two-headed ogre
  9692 | D:12     | Killed a two-headed ogre
  9692 | D:12     | Reached XP level 12. HP: 110/121 MP: 13/13
 10401 | D:13     | Reached skill level 13 in Unarmed Combat
 10644 | D:13     | Found a gate leading to a gauntlet.
 10653 | Gauntlet | Entered a Gauntlet
 10653 | Gauntlet | Found a transporter.
 10653 | Gauntlet | Found a transporter.
 10653 | Gauntlet | Found a transporter.
 10653 | Gauntlet | Noticed a tengu warrior
 10657 | Gauntlet | Found a transporter.
 10658 | Gauntlet | Found a transporter.
 10668 | Gauntlet | Found a transporter.
 10719 | Gauntlet | Found a transporter.
 10734 | Gauntlet | Found a transporter.
 10793 | Gauntlet | Found a transporter.
 10793 | Gauntlet | Noticed a catoblepas
 10803 | Gauntlet | Killed a catoblepas
 10803 | Gauntlet | Reached skill level 5 in Throwing
 10910 | Gauntlet | Noticed a minotaur
 10936 | Gauntlet | Killed a minotaur
 11119 | D:13     | Noticed a centaur warrior
 11126 | D:13     | Killed a centaur warrior
 11355 | D:13     | Noticed a catoblepas
 11386 | D:13     | Killed a catoblepas
 11967 | D:13     | Reached XP level 13. HP: 130/130 MP: 14/14
 12160 | D:13     | Found a gate to the Vaults.
 12474 | Lair:1   | Entered Level 1 of the Lair of Beasts
 12712 | Lair:1   | Reached skill level 14 in Unarmed Combat
 12763 | Lair:1   | Reached skill level 10 in Fighting
 13049 | Lair:1   | HP: 4/133 [six-headed hydra (9)]
 13971 | Lair:2   | Found a staircase to the Swamp.
 14024 | Lair:2   | Found a staircase to the Snake Pit.
 15800 | Lair:4   | Reached skill level 5 in Dodging
 15808 | Lair:4   | Found a dark tunnel.
 15822 | Volcano  | Entered a volcano
 15964 | Volcano  | Reached XP level 14. HP: 144/144 MP: 16/16
 16160 | Volcano  | Found a bloodstained altar of Trog.
 16828 | Lair:4   | Reached skill level 5 in Evocations
 17920 | Lair:5   | Got a warped trident
 18260 | Lair:6   | Entered Level 6 of the Lair of Beasts
 18868 | Lair:6   | Reached skill level 15 in Unarmed Combat
 18902 | Lair:6   | Found a runed translucent gate.
 19022 | Lair:6   | Found a runed translucent gate.
 19022 | Lair:6   | Found a runed translucent gate.
 19192 | Lair:6   | Identified the Catalogue of Clay and Contamination
 19501 | Lair:6   | Found a staircase to the Slime Pits.
 19824 | Lair:6   | Reached XP level 15. HP: 147/154 MP: 18/18
 19831 | Lair:6   | Got a faintly glowing lead ring
 19925 | Lair:6   | Noticed Flure's ghost (journeyman SpEE)
 20245 | D:7      | Became a worshipper of Fedhas Madash
 20245 | D:7      | Reached * piety under Fedhas
 20245 | D:7      | Reached ** piety under Fedhas
 20381 | Orc:1    | Entered Level 1 of the Orcish Mines
 20601 | Orc:1    | Found a roughly hewn altar of Beogh.
 20825 | Orc:1    | Found a transporter.
 20839 | Orc:1    | Found a transporter.
 20911 | Orc:1    | Noticed toxicsyntax's ghost (journeyman MiMo)
 20958 | Orc:2    | Entered Level 2 of the Orcish Mines
 20991 | Orc:2    | Noticed an orc warlord
 20992 | Orc:2    | Found Xaco's Antique Armour Emporium.
 21072 | Orc:1    | Killed an orc warlord
 21072 | Orc:1    | Reached skill level 1 in Invocations
 21261 | Orc:2    | Found Edidghua's Assorted Antiques.
 21272 | Orc:2    | Found Zuivia's Book Shop.
 21481 | Orc:2    | Found Wuimuulu's General Store.
 21492 | Orc:2    | Found a staircase to the Elven Halls.
 21626 | Orc:2    | Found a roughly hewn altar of Beogh.
 21756 | Orc:2    | Found Qokeg's Antique Weapon Shoppe.
 22051 | Orc:2    | Bought the +3 crown of Dyrovepreva {rElec Int+2 SInv} for
                  | 1366 gold pieces
 22051 | Orc:2    | Found the +3 crown of Dyrovepreva {rElec Int+2 SInv}
 22186 | D:14     | Cast into level 2 of the Abyss (a wizard)
 22304 | Abyss:2  | Gained mutation: Scrolls take you a little longer to read.
                  | [a neqoxec]
 22505 | Abyss:2  | Noticed a profane servitor
 22538 | Abyss:2  | Killed a profane servitor
 22569 | Abyss:2  | Killed from afar by a wretched star

Skill      XL: |  1  2  3  4  5  6  7  8  9 10 11 12 13 14 15 |
---------------+----------------------------------------------+-----
Unarmed Combat | 4 5 6 8 9 10 11 12 13 14 15 | 15.8
Fighting       | 3 4 5 6 7 8 9 10 11 | 11.6
Shields        | 3 5 6 7 8 9 |  9.0
Evocations     | 1 3 4 6 |  6.1
Throwing       | 3 6 7 9 |  9.7
Dodging        | 5 6 7 |  7.2
Invocations    | 2 |  2.8
Stealth        | |  1.0

Action                   |  1- 3 |  4- 6 |  7- 9 | 10-12 | 13-15 || total
-------------------------+-------+-------+-------+-------+-------++-------
Melee: Unarmed           |    73 |   177 |   477 |   768 |  1354 ||  2849
       Punch             |       |     4 |     6 |       |       ||    10
Throw: Large rock        |       |       |       |     2 |     3 ||     5
       Javelin           |       |       |       |       |    36 ||    36
Invok: Fungal Bloom      |       |       |       |       |     9 ||     9
 Abil: Evoke Berserk Rag |       |       |       |     2 |     2 ||     4
Evoke: Wand              |       |       |     2 |    16 |    10 ||    28
  Use: Scroll            |       |     4 |     5 |    10 |    18 ||    37
       Potion            |       |       |       |     4 |     4 ||     8
 Stab: Sleeping          |     1 |     5 |     3 |     4 |     8 ||    21
       Distracted        |       |       |     3 |       |     2 ||     5
  Eat: Chunk             |    11 |    12 |    30 |    62 |    98 ||   213
       Ration            |       |       |       |     1 |       ||     1
Armor: Robe              |    34 |    70 |   144 |    36 |       ||   284
       Troll leather arm |       |       |       |   126 |   254 ||   380
       Skin              |       |       |       |     2 |     5 ||     7
Dodge: Dodged            |    41 |   107 |   185 |   163 |   434 ||   930
Block: Shield            |       |       |   143 |   344 |   794 ||  1281
